 Dungeon Crawl Stone Soup version 0.29.1-1-gd02db6906a (webtiles) character file.

Game seed: 12023688175608103032

922 safid the Skirmisher (level 7, 0/85 HPs)
             Began as a Minotaur Hunter on Oct 14, 2022.
             Slain by an orc warrior
             ... wielding a +0 scimitar
              (2 damage)
             ... on level 6 of the Dungeon.
             The game lasted 00:08:00 (4802 turns).

safid the Skirmisher (Minotaur Hunter)              Turns: 4802, Time: 00:08:00

Health: 0/85       AC: 23    Str: 13 (16) XL:     7   Next: 84%
Magic:  6/6        EV:  2    Int:  3 (6)  God:
Gold:   279        SH:  0    Dex: 12 (15) Spells: 6/6 levels left

rFire   . . .      SeeInvis +   a - +0 shortbow
rCold   . . .      Faith    .   (shield currently unavailable)
rNeg    . . .      Spirit   .   (body armour currently unavailable)
rPois   +          Reflect  .   (helmet currently unavailable)
rElec   .          Harm     .   (cloak currently unavailable)
rCorr   .          Rampage  .   (gloves currently unavailable)
Will    .....      NoTele   +   (boots currently unavailable)
Stlth   +.........              (no amulet)
HPRegen 0.24/turn               g - ring of see invisible
MPRegen 0.10/turn               (no ring)

@: tree-form
A: stationary, stasis, torment immunity, boosted hp, (horns 2), (retaliatory
headbutt)
a: no special abilities


You were on level 6 of the Dungeon.
You were a tree.
You visited 1 branch of the dungeon, and saw 6 of its levels.

You collected 279 gold pieces.

Inventory:

Hand Weapons
 a - a +0 shortbow (weapon)
Armour
 t - a +0 ring mail (melded)
Jewellery
 g - a ring of see invisible (left branch)
Wands
 y - a wand of paralysis (1)
Scrolls
 b - 2 scrolls of immolation
 c - a scroll of silence {unknown}
 d - 3 scrolls of identify {unknown}
 e - 2 scrolls of magic mapping {unknown}
 h - 2 scrolls of blinking {unknown}
 o - a scroll of fog {unknown}
 q - a scroll of enchant armour {unknown}
 r - 3 scrolls of teleportation {unknown}
 s - 2 scrolls of noise {unknown}
 u - a scroll of brand weapon {unknown}
 v - a scroll of amnesia {unknown}
 w - a scroll of acquirement {unknown}
 x - a scroll of enchant weapon {unknown}
Potions
 i - a potion of resistance
 k - a potion of brilliance


   Skills:
 - Level 3.0 Fighting
 + Level 10.7 Ranged Weapons
 - Level 2.1 Dodging
 - Level 0.7 Stealth


You had 6 spell levels left.
You didn't know any spells.
Your spell library contained the following spells:

 Spells                   Type           Power      Damage    Failure   Level
 Beastly Appendage        Tmut           0%         N/A       52%         1
 Slow                     Hex            0%         N/A       52%         1
 Wereblood                Tmut           0%         N/A       67%         2
 Confusing Touch          Hex            0%         N/A       88%         3
 Frozen Ramparts          Ice            0%         1d1       88%         3
 Inner Flame              Hex/Fire       0%         N/A       88%         3
 Spider Form              Tmut/Pois      0%         N/A       88%         3
 Vampiric Draining        Necr           0%         2d6       88%         3
 Ice Form                 Ice/Tmut       0%         N/A       99%         4
 Summon Ice Beast         Ice/Summ       0%         N/A       99%         4
 Alistair's Intoxication  Tmut/Pois      0%         N/A       100%        5
 Borgnjor's Vile Clutch   Necr/Erth      0%         N/A       100%        5
 Freezing Cloud           Conj/Ice/Air   0%         6-21      100%        5
 Eringya's Noxious Bog    Tmut/Pois      0%         N/A       100%        6


Dungeon Overview and Level Annotations

Branches:
Dungeon (6/15)             Temple (0/1) D:4

Altars:
Hepliaklqana
Kikubaaqudgha
Okawaru
Qazlal

Shops:
D:1 (

Annotations:
D:3 1 runed translucent door, safid's ghost, amateur MiHu


Innate Abilities, Weirdness & Mutations

You are a tree.
Your roots penetrate the ground, keeping you stationary.
You cannot be teleported.
You are immune to unholy pain and torment.
Your maximum health is greatly increased.
Your equipment is partially melded.
((You have a pair of horns on your head.))
((You reflexively headbutt those who attack you in melee.))


Message History

The orc warrior hits you with a +0 scimitar!
You shoot an arrow.
The arrow closely misses the orc warrior.
The orc warrior hits you with a +0 scimitar!
You are too injured to fight recklessly!
You are too injured to fight recklessly!
You are too injured to fight recklessly!
You are too injured to fight recklessly!
You are too injured to fight recklessly!
Fire: a) +0 shortbow
Press: ? - help, Q - select action, (/) - cycle Shift-Dir - straight line, f/p - orc warrior
Aim: an orc warrior, wielding a +0 scimitar and wearing a +0 chain mail (moderately wounded, 61% to hit)
You shoot an arrow.
The arrow closely misses the orc warrior.
You feel a little less mighty now. The orc warrior completely misses you.
Fire: a) +0 shortbow
Press: ? - help, Q - select action, (/) - cycle Shift-Dir - straight line, f/p - orc warrior
Aim: an orc warrior, wielding a +0 scimitar and wearing a +0 chain mail (moderately wounded, 61% to hit)
You shoot an arrow.
The arrow completely misses the orc warrior.
The arrow hits the orc wizard.
The orc wizard is lightly wounded.
The orc wizard mumbles some strange words.
The orc wizard flickers and vanishes for a moment.
The orc warrior hits you with a +0 scimitar!
* * * LOW HITPOINT WARNING * * *
The orc warrior attacks as you move away!
The orc warrior hits you with a +0 scimitar.
* * * LOW HITPOINT WARNING * * *
The orc warrior attacks as you move away!
The orc warrior hits you with a +0 scimitar!
* * * LOW HITPOINT WARNING * * *
Unknown command.
Okay, then.
Really quaff the potion of lignification?
You turn into a tree.
Your +0 ring mail melds into your body.
Your roots penetrate the ground.
The orc warrior hits you with a +0 scimitar.
You die...

### #.# .
#####.# ..
#<....# ...
#####.# ....
#.# ..... #.#
......######.#
.....oo.o♣...#
......########
..... ##.# #


You could see an orc warrior, an orc wizard (invisible) and an orc.

Vanquished Creatures
  Sigmund (D:3)
  A black bear (D:5)
  An ogre (D:5)
  2 phantoms (D:5)
  A scorpion (D:5)
  A hound (D:2)
  Terence (D:3)
  3 iguanas
  2 orc wizards (D:3)
  4 gnolls
  6 adders
  An ufetubus (D:5)
  2 worms
  2 dart slugs (D:1)
  10 orcs
  5 ball pythons (D:1)
  6 endoplasms
  5 giant cockroaches
  10 goblins
  8 hobgoblins
  6 jackals (D:3)
  3 kobolds
  3 quokkas
  4 bats
  6 frilled lizards
  6 rats
100 creatures vanquished.

Vanquished Creatures (others)
  2 withered plants (D:3)
2 creatures vanquished.

Grand Total: 102 creatures vanquished

Notes
Turn   | Place    | Note
-------+----------+-------------------------------------------
     0 | D:1      | safid the Minotaur Hunter began the quest for the Orb.
     0 | D:1      | Reached XP level 1. HP: 18/18 MP: 0/0
    70 | D:1      | Found Lamei's Antique Weapon Shoppe.
   216 | D:1      | Reached XP level 2. HP: 19/26 MP: 1/1
   464 | D:1      | Reached skill level 5 in Ranged Weapons
   821 | D:2      | Found a faded altar of an unknown god.
   950 | D:2      | Reached XP level 3. HP: 31/31 MP: 2/2
  1031 | D:2      | Reached skill level 6 in Ranged Weapons
  1031 | D:2      | Reached XP level 4. HP: 38/38 MP: 3/3
  1566 | D:3      | Reached XP level 5. HP: 36/45 MP: 4/4
  1567 | D:3      | Reached skill level 7 in Ranged Weapons
  1925 | D:3      | Found a runed translucent door.
  1926 | D:3      | Noticed safid's ghost (amateur MiHu)
  1981 | D:3      | Noticed Terence
  1996 | D:3      | Killed Terence
  2398 | D:3      | Found a hazy altar of Hepliaklqana.
  2462 | D:3      | Reached XP level 6. HP: 51/51 MP: 5/5
  2486 | D:3      | Noticed Sigmund
  2500 | D:3      | Killed Sigmund
  2501 | D:3      | Reached skill level 8 in Ranged Weapons
  2694 | D:3      | Got the Commentary on the Vexing Winter
  3054 | D:4      | Found a staircase to the Ecumenical Temple.
  3065 | D:4      | Found a stormy altar of Qazlal.
  3094 | D:4      | Reached skill level 9 in Ranged Weapons
  3470 | D:4      | Found an ancient bone altar of Kikubaaqudgha.
  3550 | D:5      | Entered Level 5 of the Dungeon
  3567 | D:5      | Reached XP level 7. HP: 34/57 MP: 6/6
  3816 | D:5      | Reached skill level 10 in Ranged Weapons
  4700 | D:5      | Found an iron altar of Okawaru.
  4801 | D:6      | HP: 1/57 [orc warrior/+0 scimitar (11)]
  4802 | D:6      | Slain by an orc warrior

Illustrated notes

Levels and vault maps discovered:
D:1:      heliophobic_arrival_ceremonial_halls, layout_loops_ring, serial_shops,
          nicolae_shop_hallway_plus, palyth_stone_intersect
D:2:      layout_basic, basic_ecumenical_altar
D:3:      layout_rooms, mainiacjoe_overflow_small_starburst,
          gammafunk_ghost_grave, uniq_sigmund, uniq_terence
D:4:      layout_basic, mainiacjoe_overflow_paths,
          nicolae_overflow_hidden_temple, kiku_gazebo_pond_becter,
          minmay_temple_entry_large_hall, minmay_crystal_room
D:5:      layout_gridville, general_overflow_altar
D:6:      layout_basic, mainiacjoe_overflow_brackets, uniq_blork_the_orc

Skill      XL: |  1  2  3  4  5  6  7 |
---------------+----------------------+-----
Fighting       | 3 |  3.0
Ranged Weapons | 5 6 7 9 10 | 10.7
Dodging        | |  2.1
Stealth        | |  0.7

Action                   |  1- 3 |  4- 6 |  7- 9 || total
-------------------------+-------+-------+-------++-------
 Fire: Shortbow          |    70 |   208 |    67 ||   345
  Use: Potion            |       |       |     9 ||     9
Armor: Leather armour    |     2 |    10 |       ||    12
       Ring mail         |       |     5 |    10 ||    15
Dodge: Dodged            |     8 |    75 |    29 ||   112
